 Dungeon Crawl Stone Soup version 0.29.1-12-g30fa7ad0bf (webtiles) character file.

Game seed: 18006642824045658325

44 MisterFreud the Ducker (level 3, 0/25 HPs)
             Began as a Felid Berserker on Dec 28, 2022.
             Was a Believer of Trog.
             Succumbed to an adder's poison
             ... on level 2 of the Dungeon.
             The game lasted 00:00:58 (1147 turns).

MisterFreud the Ducker (Felid Berserker)            Turns: 1147, Time: 00:00:59

Health: 0/25       AC:  1    Str: 13    XL:     3   Next: 39%
Magic:  4/4        EV: 18    Int:  8    God:    Trog [**....]
Gold:   57         SH:  0    Dex: 17    Spells: 2/2 levels left
                                        Lives:  0   Deaths: 0

rFire   . . .      SeeInvis +     - Unarmed
rCold   . . .      Faith    .   (shield unavailable)
rNeg    . . .      Spirit   .   (body armour unavailable)
rPois   .          Reflect  .   (helmet unavailable)
rElec   .          Harm     .   (cloak unavailable)
rCorr   .          Rampage  .   (gloves unavailable)
Will    .....                   (boots unavailable)
Stlth   ..........              (no amulet)
HPRegen 0.08/turn               (no ring)
MPRegen 0.09/turn               (no ring)

@: berserking, lethally poisoned (0 -> -13), very quick
A: very small, claws 1, fangs 3, see invisible, speed 1, shaggy fur 1, stealthy
paws, no weapons or thrown items, no armour, multi-lived
a: Renounce Religion, Berserk, Trog's Hand


You were on level 2 of the Dungeon.
You worshipped Trog.
Trog was pleased with you.
You visited 1 branch of the dungeon, and saw 2 of its levels.

You collected 57 gold pieces.

Inventory:

Scrolls
 b - a scroll of summoning {unknown}
 e - a scroll of identify {unknown}
 h - a scroll of teleportation {unknown}
Potions
 a - a potion of brilliance {unknown}
 c - a potion of invisibility {unknown}
 d - a potion of haste {unknown}
 f - a potion of might {unknown}
 g - a potion of curing {unknown}


   Skills:
 - Level 3.0 Fighting
 - Level 4.0 Dodging
 + Level 3.1 Stealth
 + Level 3.8 Unarmed Combat


You had 2 spell levels left.
You didn't know any spells.
Your spell library was empty.

Dungeon Overview and Level Annotations

Branches:
Dungeon (2/15)

Altars:


Innate Abilities, Weirdness & Mutations

You have sharp claws.
You have razor-sharp teeth.
You have supernaturally acute eyesight. (SInv)
You cover ground quickly. (Speed+)
You are covered in fur. (AC +1)
Your paws help you pounce on unaware monsters.
You are incapable of wielding weapons or throwing items.
You cannot wear armour.
You gain extra lives every three experience levels.


Message History

The jackal bites you. The jackal closely misses you.
You scratch the jackal. Your claw misses the jackal.
The jackal is almost dead.
The jackal misses you.
You scratch the jackal.
You kill the jackal!
Trog accepts your kill.
You can now call upon Trog for regeneration and willpower.
The adder misses you. The adder closely misses you.
You see here a jackal corpse.
You barely miss the adder. The adder misses you. The adder bites you.
You are poisoned.
The adder poisons you!
You scratch the adder. Your bite misses the adder.
The adder is heavily wounded.
You feel sick. The adder bites you.
You are lethally poisoned!
The adder poisons you!
You are too injured to fight recklessly!
A red film seems to cover your vision as you go berserk!
You feel yourself moving faster!
You feel mighty!
* * * LOW HITPOINT WARNING * * *
You feel very sick. The adder bites you.
* * * LOW HITPOINT WARNING * * *
You are more poisoned.
The adder poisons you! The adder barely misses you.
You claw the adder!
You kill the adder!
Trog accepts your kill.
* * * LOW HITPOINT WARNING * * *
You feel sick.
Your Stealth skill increases to level 3!
* * * LOW HITPOINT WARNING * * *
You feel sick.
You see here an adder corpse.
You feel a strong urge to attack something.
You die...

...##### . .......# ..
.......# ######...
#.....###........
#.....#.)........
#.....#.†..$.....
#.....#.†........
#####......@.........
######....................
...†..>...................
.############..........##.
.# #......##### .#
#......# .# #......# .#
#......# .#######
#........


There were no monsters in sight!

Vanquished Creatures
  2 adders (D:2)
  3 ball pythons
  An endoplasm (D:1)
  A goblin (D:1)
  A hobgoblin (D:1)
  3 jackals (D:2)
  A quokka (D:1)
  5 bats
  A frilled lizard (D:1)
  3 kobolds
  5 rats (D:1)
26 creatures vanquished.

Notes
Turn   | Place    | Note
-------+----------+-------------------------------------------
     0 | D:1      | MisterFreud the Felid Berserker began the quest for the
                  | Orb.
     0 | D:1      | Reached XP level 1. HP: 10/10 MP: 2/2
    59 | D:1      | Reached skill level 1 in Stealth
   131 | D:1      | Found a faded altar of an unknown god.
   269 | D:1      | Reached XP level 2. HP: 14/14 MP: 3/3
  1097 | D:2      | Reached XP level 3. HP: 16/17 MP: 4/4
  1139 | D:2      | Reached ** piety under Trog
  1147 | D:2      | Succumbed to an adder's poison

Illustrated notes

Levels and vault maps discovered:
D:1:      grunt_arrival_crossed_arrows, layout_loops_cross,
          ebering_ecumenical_altar_abandoned, serial_forest,
          infiniplex_forest_zigzag_1, infiniplex_forest_end_2,
          infiniplex_forest_straight_3, infiniplex_forest_clump_C,
          infiniplex_forest_straight_5, infiniplex_forest_lined_2,
          infiniplex_forest_lined_room_3, infiniplex_forest_clump_tiny,
          infiniplex_forest_end_2, chequers_serial_rivers_micro_e
D:2:      layout_basic

Skill      XL: |  1  2  3 |
---------------+----------+-----
Stealth        | 1 2 3 |  3.1
Fighting       | |  3.0
Dodging        | |  4.0
Unarmed Combat | |  3.8

Action                   || total
-------------------------++-------
Melee: Unarmed           ||    74
       Bite              ||     5
       Punch             ||     2
Invok: Berserk           ||     1
 Stab: Sleeping          ||     3
Armor: Skin              ||     1
Dodge: Dodged            ||    51
